 Dungeon Crawl Stone Soup version 0.26.0-10-g1f06aea511 (webtiles) character file.

Game seed: 8608569840073002206

11113 Arum the Fighter (level 12, -11/103 HPs)
             Began as a Formicid Fighter on Jan 21, 2021.
             Was a High Priest of Dithmenos.
             Killed from afar by a manticore (12 damage)
             ... with a volley of spikes
             ... on level 12 of the Dungeon.
             The game lasted 00:19:41 (14968 turns).

Arum the Fighter (Formicid Fighter)                Turns: 14968, Time: 00:19:42

Health: -11/103    AC: 11    Str: 24    XL:     12   Next: 3%
Magic:  12/12      EV: 10    Int: 10    God:    Dithmenos [*****.]
Gold:   683        SH: 17    Dex: 10    Spells: 11/11 levels left

rFire    . . .     SeeInvis +   a - +2 war axe (freeze)
rCold    . . .     Faith    .   c - +1 kite shield
rNeg     . . .     Spirit   .   b - +0 scale mail
rPois    +         Reflect  +   (helmet unavailable)
rElec    .         Harm     .   g - +0 cloak
rCorr    .         Rampage  .   k - +0 pair of gloves
Will     +....                  J - +0 pair of boots
Stlth    ..........             i - amulet of reflection
HPRegen  0.27/turn              F - ring of poison resistance
MPRegen  0.13/turn              (no ring)

@: barbed spikes, wreathed by umbra, invisible
A: permanent stasis, dig shafts and tunnels, four strong arms, antennae 3
a: Dig, Shaft Self, Renounce Religion, Shadow Step, Shadow Form


You were on level 12 of the Dungeon.
You worshipped Dithmenos.
Dithmenos was extremely pleased with you.
You visited 1 branch of the dungeon, and saw 12 of its levels.
You also visited: Ossuary.

You collected 683 gold pieces.

Inventory:

Hand Weapons
 a - a +2 war axe of freezing (weapon)
 h - a +0 hand axe
 s - a +0 battleaxe
Missiles
 u - a throwing net
Armour
 b - a +0 scale mail (worn)
 c - a +1 kite shield (worn)
 g - a +0 cloak (worn)
 k - a +0 pair of gloves (worn)
 J - a +0 pair of boots (worn)
Jewellery
 f - a cursed amulet of the acrobat {unknown}
 i - an amulet of reflection (around neck)
 F - a ring of poison resistance (left hand)
Wands
 o - a wand of flame (63)
 p - a wand of iceblast (23)
 t - a wand of random effects (13)
Scrolls
 v - 2 scrolls of random uselessness {unknown}
 w - 5 scrolls of remove curse
 x - a scroll of fear
 B - 2 scrolls of fog
 D - 4 scrolls of identify
 I - a scroll of brand weapon
Potions
 d - a potion of magic {unknown}
 e - a potion of experience {unknown}
 l - 4 potions of mutation
 m - 5 potions of flight
 q - a potion of attraction
 r - 3 potions of lignification
 z - 2 potions of cancellation {unknown}
 A - 6 potions of curing
 C - a potion of haste {unknown}
Miscellaneous
 y - a box of beasts
 G - a condenser vane


   Skills:
 + Level 12.7 Fighting
 + Level 11.5 Axes
 + Level 6.4 Armour
 - Level 9.0 Shields


You had 11 spell levels left.
You didn't know any spells.
Your spell library contained the following spells:

 Spells                   Type           Power        Failure   Level
 Beastly Appendage        Tmut           0%           65%         1
 Magic Dart               Conj           0%           65%         1
 Call Imp                 Summ           0%           78%         2
 Slow                     Hex            0%           78%         2
 Wereblood                Tmut           0%           78%         2
 Conjure Flame            Conj/Fire      0%           95%         3
 Mephitic Cloud           Conj/Pois/Air  0%           95%         3
 Spider Form              Tmut/Pois      0%           95%         3
 Ice Form                 Ice/Tmut       0%           100%        4
 Leda's Liquefaction      Hex/Erth       0%           100%        4
 Blade Hands              Tmut           0%           100%        5
 Bolt of Magma            Conj/Fire/Erth 0%           100%        5
 Iron Shot                Conj/Erth      0%           100%        6
 Statue Form              Tmut/Erth      0%           100%        6
 Shatter                  Erth           0%           100%        9
 Blink                    Tloc           Unusable     N/A         2

Dungeon Overview and Level Annotations

Branches:
Dungeon (11/15)            Temple (0/1) D:4            Lair (0/6) D:8
    Orc (0/2) D:12        Ossuary (visited)

Altars:
Cheibriados
Dithmenos
Hepliaklqana
Nemelex Xobeh
Ru
Trog
Wu Jian
Xom
Yredelemnul
Zin

Shops:
D:4 }   D:7 (   D:8 :   D:9 :

Annotations:
D:12 Frances


Innate Abilities, Weirdness & Mutations

You cannot be hasted, slowed, berserked, paralysed or teleported.
You can dig through walls and to a lower floor.
Your four strong arms can wield two-handed weapons with a shield.
You have a pair of large antennae on your head. (SInv)


Message History

Frances sneers.
Frances mutters in a terrible tongue.
Unknown command.
Unknown command.
Unknown command.
Unknown command.
Unknown command.
Unknown command.
Unknown command.
Unknown command.
Unknown command.
Unknown command.
Unknown command.
Unknown command.
Unknown command.
You fade into invisibility!
The manticore flicks its tail.
The volley of spikes hits you!
The barbed spikes become lodged in your body.
You die...

#.#....#........,,*,,,,
#.#....#Z.......,,*,,,,
#.#.3...........,,*,,,,
#.#....#........,,*,,,,
#.....@#{.......,,*,,,,
#......#....##..,,**,**
#.....n#....#*..,,**,+,
#......#.....#,,,,,,,*,
#.....@#.....#,,,,,,,*,
#......#.....#,,,,,,,*,
#......#,,,,,*,,,,,,,*,
#.$....#,,,,**,,,,,,,*,
#......#,,,,**,,,,,,,*,
#.H...#.,,,,,+,,,,,,,*,
#..##.,.,,,,,*,,,,,,,*,
#..*#.∩.*,,,**,,,,,,**,
*,,,,,,,,,,,**,,,,,,***


You could see Frances, a manticore, a neqoxec (summoned) and a necrophage.

Vanquished Creatures
  Erica (D:8)
  A two-headed ogre (D:8)
  A death yak (D:8)
  A salamander (shapeshifter) (D:10)
  An elephant (D:8)
  Psyche (D:9)
  A troll (D:10)
  3 wyverns
  9 yaks
  A steam dragon (D:6)
  2 water moccasins
  6 orc warriors
  3 black bears
  4 sky beasts
  A phantom (D:9)
  2 ice beasts
  3 necrophages
  5 ogres
  5 centaurs
  5 bullfrogs
  3 water moccasin zombies (Ossuary)
  3 scorpions
  16 killer bees
  3 wights (D:8)
  7 howler monkeys
  2 quasits
  A bullfrog zombie (D:8)
  A centaur zombie (D:8)
  10 hounds
  3 jellies
  An orc priest (D:6)
  3 bullfrog skeletons
  8 orc wizards
  A centaur skeleton (D:4)
  2 iguanas
  7 worker ants
  2 big kobold zombies (Ossuary)
  A hound skeleton (D:10)
  2 mummies (Ossuary)
  15 gnolls
  14 adders
  A howler monkey skeleton (D:7)
  2 shadow imps
  3 white imps
  2 ufetubi (D:9)
  An ooze (D:3)
  5 adder zombies
  3 adder skeletons
  6 worms
  2 dart slugs (D:1)
  6 leopard geckos
  35 orcs
  4 bats
  9 giant cockroaches
  3 gnoll zombies (Ossuary)
  6 goblins
  3 hobgoblins (D:1)
  20 jackals
  7 quokkas
  2 frilled lizards
  7 hobgoblin zombies (Ossuary)
  10 kobolds
  6 kobold zombies (Ossuary)
  A leopard gecko skeleton (D:5)
  A leopard gecko zombie (D:8)
  2 orc zombies (Ossuary)
  3 rats
311 creatures vanquished.

Vanquished Creatures (others)
  A jackal (D:6)
  6 plants
7 creatures vanquished.

Grand Total: 318 creatures vanquished

Notes
Turn   | Place    | Note
-------+----------+-------------------------------------------
     0 | D:1      | Arum the Formicid Fighter began the quest for the Orb.
     0 | D:1      | Reached XP level 1. HP: 18/18 MP: 1/1
    35 | D:1      | Reached XP level 2. HP: 15/24 MP: 2/2
   385 | D:1      | Reached XP level 3. HP: 29/29 MP: 3/3
  1175 | D:2      | Found a shadowy altar of Dithmenos.
  1180 | D:2      | Became a worshipper of Dithmenos the Shadowed
  1365 | D:2      | Reached XP level 4. HP: 29/37 MP: 4/4
  2155 | D:2      | Reached skill level 4 in Fighting
  2357 | D:3      | Noticed an ogre
  2597 | D:2      | Killed an ogre
  2598 | D:2      | Reached XP level 5. HP: 26/43 MP: 5/5
  2752 | D:3      | Found a sacrificial altar of Ru.
  3020 | D:3      | Reached XP level 6. HP: 38/49 MP: 6/6
  3185 | D:3      | Reached skill level 5 in Shields
  3205 | D:3      | Reached * piety under Dithmenos
  3710 | D:4      | Noticed an ogre
  3815 | D:3      | HP: 2/50 [worker ant (5)]
  3820 | D:3      | Reached XP level 7. HP: 6/55 MP: 7/7
  3827 | D:3      | Reached skill level 5 in Fighting
  4150 | D:4      | Reached skill level 5 in Armour
  4393 | D:4      | Found a staircase to the Ecumenical Temple.
  4494 | D:4      | Found a glowing silver altar of Zin.
  5465 | D:4      | Found Dynyiw's Gadget Boutique.
  5501 | D:5      | Entered Level 5 of the Dungeon
  5634 | D:5      | Reached XP level 8. HP: 27/64 MP: 8/8
  5855 | D:5      | Found a sand-covered staircase.
  5863 | Ossuary  | Entered an ossuary
  6036 | Ossuary  | Reached ** piety under Dithmenos
  6076 | Ossuary  | Reached skill level 6 in Fighting
  6170 | Ossuary  | Reached skill level 5 in Axes
  7756 | D:6      | Reached skill level 7 in Fighting
  7838 | D:6      | Reached XP level 9. HP: 72/72 MP: 9/9
  8065 | D:6      | Reached *** piety under Dithmenos
  8115 | D:6      | Found a shimmering altar of Xom.
  8569 | D:6      | Found a snail-covered altar of Cheibriados.
  8666 | D:6      | Reached skill level 8 in Fighting
  8914 | D:6      | Found an ornate altar of the Wu Jian Council.
  8914 | D:6      | Found a bloodstained altar of Trog.
  9129 | D:7      | Found Alimaameixa's Weapon Shoppe.
  9670 | D:7      | Reached XP level 10. HP: 79/82 MP: 10/10
  9855 | D:8      | Reached skill level 9 in Fighting
 10067 | D:8      | Found Myatt's Book Shoppe.
 10100 | D:8      | Noticed Erica
 10115 | D:8      | Killed Erica
 10360 | D:8      | Noticed a two-headed ogre
 10366 | D:8      | Noticed a death yak
 10369 | D:8      | Killed a two-headed ogre
 10370 | D:8      | Reached skill level 10 in Fighting
 10647 | D:8      | Killed a death yak
 10763 | D:8      | Found a staircase to the Lair.
 10771 | D:8      | Noticed an elephant
 10790 | D:8      | Killed an elephant
 10798 | D:8      | Reached skill level 11 in Fighting
 10805 | D:8      | Reached XP level 11. HP: 75/93 MP: 11/11
 11186 | D:8      | Reached **** piety under Dithmenos
 11187 | D:8      | Reached skill level 10 in Axes
 11274 | D:8      | Found a sparkling altar of Nemelex Xobeh.
 11408 | D:9      | Found Eggong's Book Shop.
 11548 | D:9      | Noticed Psyche
 11557 | D:9      | Killed Psyche
 12543 | D:9      | Reached skill level 12 in Fighting
 12644 | D:9      | Found a basalt altar of Yredelemnul.
 12806 | D:10     | Entered Level 10 of the Dungeon
 12818 | D:10     | Noticed a salamander
 12818 | D:10     | a black mamba changed into a salamander
 12826 | D:10     | Killed a salamander
 13907 | D:10     | Found a hazy altar of Hepliaklqana.
 14337 | D:11     | Reached ***** piety under Dithmenos
 14803 | D:11     | Reached XP level 12. HP: 103/103 MP: 12/12
 14895 | D:11     | Noticed a boulder beetle
 14936 | D:11     | You fall into a shaft and drop 1 floor!
 14936 | D:12     | Noticed a boulder beetle
 14959 | D:12     | Noticed Frances
 14967 | D:12     | HP: 1/103 [manticore/volley of spikes (13)]
 14968 | D:12     | Killed from afar by a manticore

Illustrated notes

Levels and vault maps discovered:
D:1:      saegor_arrival_simple_e, layout_basic, minivault_24,
          minmay_pentomino_p2
D:2:      layout_rooms, marbit_many_paths
D:3:      layout_rooms, old_standard_altar, chequers_hall_statues_wall_a,
          item_on_display_a
D:4:      layout_loops_ring, overflow_temple_1_default,
          minmay_temple_entry_gardened_gates, serial_shops,
          kennysheep_mini_moat, cheibrodos_gnoll_hut
D:5:      layout_loops_ring, nicolae_ossuary_entry_false_entrances
D:6:      layout_basic, cheibrodos_worm_habitat,
          gammafunk_temple_overflow_statue, xom_butterflies,
          minmay_divided_ellipse
D:7:      layout_loops_cross, serial_shops, shop
D:8:      layout_basic, lemuel_coloured_pillars_altar, david_lair_generic,
          serial_shops, shop_statue, uniq_erica
D:9:      layout_basic, kennysheep_little_box, serial_shops, shop_fountains,
          dk_noncrumbling_3, uniq_psyche
D:10:     layout_loops_cross, basic_altar
D:11:     layout_grid_maze
D:12:     layout_stronghold, minmay_orc_entry_guard_dogs, serial_shops,
          nicolae_shop_stone, grunt_dithmenos_smoke_and_mirrors, uniq_frances

Skill      XL: |  1  2  3  4  5  6  7  8  9 10 11 |
---------------+----------------------------------+-----
Shields        | 4 5 6 7 9 |  9.0
Fighting       | 4 5 7 8 11 12 | 12.7
Armour         | 4 5 6 |  6.4
Axes           | 3 4 5 7 9 11 | 11.5

Action                   |  1- 3 |  4- 6 |  7- 9 | 10-12 || total
-------------------------+-------+-------+-------+-------++-------
Melee: War axe           |    27 |       |   164 |   469 ||   660
       Hand axe          |    91 |   369 |   631 |       ||  1091
Throw: Throwing net      |       |       |       |     1 ||     1
 Abil: Dig               |       |     3 |     4 |     4 ||    11
       Shaft Self        |       |       |       |     1 ||     1
Evoke: Wand              |       |       |     1 |     5 ||     6
  Use: Scroll            |     7 |     2 |     9 |     4 ||    22
       Potion            |       |     4 |     3 |     2 ||     9
 Stab: Held in net/web   |       |       |       |     1 ||     1
Armor: Scale mail        |    45 |   148 |   200 |    83 ||   476
Dodge: Dodged            |    42 |   137 |   238 |   109 ||   526
Block: Kite shield       |    99 |   222 |   514 |   371 ||  1206
       Reflection        |     5 |       |     1 |    11 ||    17
